 Dungeon Crawl Stone Soup version 0.31-a0-978-g1e143483b6 (webtiles) character file.

Game seed: 8400423889395350834

298 Lusmu the Firebug (level 6, -1/48 HPs)
             Began as a Tengu Fire Elementalist on Oct 30, 2023.
             Slain by a steam dragon (5 damage)
             ... on level 4 of the Dungeon.
             The game lasted 00:22:20 (2729 turns).

Lusmu the Firebug (Tengu Fire Elementalist)         Turns: 2729, Time: 00:22:20

Health: -1/48      AC:  3    Str: 10    XL:     6   Next: 35%
Magic:  1/11       EV: 12    Int: 20    God:
Gold:   172        SH:  0    Dex: 14    Spells: 8/11 levels left

rFire   + + .        d - +1 short sword (flame)
rCold   . . .        (no shield)
rNeg    . . .        f - +0 robe {rC+ rF+}
rPois   .            (helmet restricted)
rElec   +            o - +0 cloak
rCorr   +            (no gloves)
SInv    .            (boots unavailable)
Will    .....        e - amulet of regeneration Stlth
                     c - ring of Ytuti {Fire rElec rCorr Int+4}
HPRegen 1.08/turn    (no ring)
MPRegen 0.12/turn

%: acrobat
@: mighty, berserking, very quick
A: beak, talons 3, acrobatic
a: no special abilities


You were on level 4 of the Dungeon.
You visited 1 branch of the dungeon, and saw 4 of its levels.

You collected 172 gold pieces.

Inventory:

Hand Weapons
 d - a +1 short sword of flaming (weapon)
 n - a +0 dagger of venom
 p - a +0 spear
 t - a +2 dagger of speed
Missiles
 l - 4 poisoned darts
 q - 3 javelins
 r - 2 boomerangs
Armour
 f - a +0 robe of resistance (worn)
 o - a +0 cloak (worn)
Jewellery
 c - the ring of Ytuti (left hand) {Fire rElec rCorr Int+4}
   (You found it on level 3 of the Dungeon)

   [ring of fire]

   Fire:      It enhances your fire magic.
   Int+4:     It affects your intelligence (+4).
   rF+:       It protects you from fire.
   rC-:       It makes you vulnerable to cold.
   rElec:     It insulates you from electricity.
   rCorr:     It protects you from acid and corrosion.
 e - an amulet of regeneration (around neck)
 u - a ring of flight
Scrolls
 a - a scroll of immolation
 i - 2 scrolls of torment
 j - a scroll of fear
 v - a scroll of enchant armour
 x - a scroll of poison {unknown}
Potions
 b - a potion of magic
 g - 2 potions of might
 k - 2 potions of brilliance
 m - 2 potions of lignification
 w - a potion of haste {unknown}


   Skills:
 - Level 2.2 Dodging
 + Level 4.1 Stealth
 - Level 3.0 Spellcasting
 + Level 4.3 Conjurations
 + Level 4.8 Fire Magic


You had 8 spell levels left.
You knew the following spells:

 Your Spells              Type           Power      Damage    Failure   Level
a - Foxfire               Conj/Fire      100%       2x1d9     2%          1
b - Scorch                Fire           66%        2d7       3%          2

Your spell library contained the following spells:

 Spells                   Type           Power      Damage    Failure   Level
 Inner Flame              Hex/Fire       19%        N/A       16%         3
 Volatile Blastmotes      Fire/Tloc      38%        2d13      16%         3
 Flame Wave               Conj/Fire      32%        2d9       22%         4


Dungeon Overview and Level Annotations

Branches:
Dungeon (4/15)
 Temple: D:4-7

Altars:

Annotations:
D:3 1 runed translucent door, SacredBeard's ghost, amateur HOFi


Innate Abilities, Weirdness & Mutations

You have a beak for a mouth.
You have claws for feet.
You can magically evade attacks while moving or waiting.


Message History

The foxfire hits the steam dragon.
The steam dragon is lightly wounded.
Casting: Foxfire (safe; 2% risk of failure)
Confirm with . or Enter, or press ? or * to list all spells.
You feel a surge of power!
You conjure some foxfire!
The steam dragon bites you. The steam dragon barely misses you.
Your foxfire dissipates!
Casting: Foxfire (safe; 2% risk of failure)
Confirm with . or Enter, or press ? or * to list all spells.
You feel a surge of power!
Flames lash the steam dragon.
The steam dragon is moderately wounded.
The steam dragon's fire resistance burns away.
The steam dragon bites you!
* * * LOW HITPOINT WARNING * * *
The steam dragon claws you but does no damage.
The steam dragon attacks as it pursues you!
The steam dragon closely misses you. The steam dragon barely misses you.
You feel much better. The steam dragon bites you! The steam dragon claws you.
Casting: Scorch (safe; 3% risk of failure)
Confirm with . or Enter, or press ? or * to list all spells.
You feel a surge of power!
You conjure some foxfire!
The steam dragon is no longer more vulnerable to fire.
The steam dragon bites you! The steam dragon closely misses you.
The foxfire hits the steam dragon.
The steam dragon is moderately wounded.
The foxfire hits the steam dragon!
The steam dragon is heavily wounded.
Casting: Foxfire (safe; 2% risk of failure)
Confirm with . or Enter, or press ? or * to list all spells.
You feel a surge of power!
Flames lash the steam dragon.
The steam dragon is severely wounded.
The steam dragon's fire resistance burns away.
You feel very mighty all of a sudden. The steam dragon bites you.
The steam dragon claws you.
* * * LOW HITPOINT WARNING * * *
A red film seems to cover your vision as you go berserk!
You feel yourself moving faster!
You feel mighty! The steam dragon bites you!
* * * LOW HITPOINT WARNING * * *
The steam dragon claws you.
You die...

##.............#
...#.###.......#####
##.#...............#
#####......#.####.#
.......>#.#.#.# #.#
#.####....#.#.# ##.#
#.....##.#.###.#####
.#......###.###...##
#.#...#####.D@#..#..# .
#...#####.#...###.#
#......##.#####.#.#
#####..###.##.#[##.#..#
........##..#...#.###.#
##<......###.####.#..#
####..### #..)#.###)#
#..# ##[#.#.#..# #..#
########.#


You could see a steam dragon (combustible).

Vanquished Creatures
  An ogre (D:4)
  An orc priest (D:4)
  Robin (D:3)
  5 adders
  6 gnolls
  A worm (D:2)
  3 ball pythons
  6 endoplasms
  A giant cockroach (D:1)
  11 goblins
  13 hobgoblins
  4 jackals (D:2)
  A quokka (D:1)
  7 bats
  3 frilled lizards
  7 kobolds
  5 rats
76 creatures vanquished.

Vanquished Creatures (others)
  132 foxfires
132 creatures vanquished.

Grand Total: 208 creatures vanquished

Notes
Turn   | Place    | Note
-------+----------+-------------------------------------------
     0 | D:1      | Lusmu the Tengu Fire Elementalist began the quest for the
                  | Orb.
     0 | D:1      | Reached XP level 1. HP: 10/10 MP: 4/4
   160 | D:1      | Reached XP level 2. HP: 15/15 MP: 4/6
   761 | D:2      | Reached XP level 3. HP: 19/19 MP: 5/7
   948 | D:2      | Reached XP level 4. HP: 24/24 MP: 0/8
  1731 | D:2      | Reached XP level 5. HP: 28/28 MP: 10/10
  1734 | D:2      | Learned a level 2 spell: Scorch
  1810 | D:3      | Identified the ring of Ytuti {Fire rElec rCorr Int+4}
  1817 | D:3      | Noticed Robin
  1832 | D:3      | Killed Robin
  1990 | D:3      | Found a faded altar of an unknown god.
  2258 | D:3      | Found a runed translucent door.
  2259 | D:3      | Noticed SacredBeard's ghost (amateur HOFi)
  2677 | D:4      | Noticed an ogre
  2682 | D:4      | Killed an ogre
  2683 | D:4      | Reached XP level 6. HP: 32/32 MP: 6/11
  2695 | D:4      | Noticed a steam dragon
  2729 | D:4      | Slain by a steam dragon

Illustrated notes

Levels and vault maps discovered:
D:1:      minmay_arrival_wavy_path, layout_rooms, minmay_pentomino_s2
D:2:      layout_loops_ring, minmay_misc_feat_diagonals,
          nicolae_concentric_dashed_squares_wild
D:3:      layout_rooms, nicolae_ecumenical_lake_church, gammafunk_ghost_grave,
          uniq_robin
D:4:      layout_basic, minmay_temple_entry_from_below_a, serial_shops,
          nicolae_shop_bloodbath_and_beyond, dk_noncrumbling_4,
          chequers_decorated_corner, minmay_small_thing

Skill      XL: |  1  2  3  4  5 |
---------------+----------------+-----
Conjurations   | 2 3 4 |  4.3
Fire Magic     | 4 |  4.8
Stealth        | 3 4 |  4.1
Spellcasting   | 3 |  3.0
Dodging        | |  2.2

Action                     |  1- 3 |  4- 6 || total
---------------------------+-------+-------++-------
  Melee: Short sword       |    25 |    59 ||    84
         Unarmed           |     6 |       ||     6
         Kick              |     5 |    12 ||    17
         Peck              |     2 |     3 ||     5
         Punch             |     1 |       ||     1
   Cast: Foxfire           |    39 |    55 ||    94
         Scorch            |       |     5 ||     5
    Use: Scroll            |       |     9 ||     9
         Potion            |       |     3 ||     3
   Stab: Sleeping          |     1 |     1 ||     2
         Distracted        |       |     1 ||     1
 Armour: Robe              |    14 |    48 ||    62
  Dodge: Dodged            |    44 |    62 ||   106

Table legend: (Time is in decaauts)
 A = Elapsed time spent in this place.
 B = Non-inter-level travel time spent in this place.
 C = Inter-level travel time spent in this place.
 D = Time resting spent in this place.
 E = Time spent auto-exploring this place.
 F = Levels seen in this place.
 G = Mean time per level.
                   A        B        C        D        E       F      G
               +--------+--------+--------+--------+--------+-----+--------+
         Total |   2731 |   2651 |     80 |    293 |   1365 |   4 |  682.8 |
       Dungeon |   2731 |   2651 |     80 |    293 |   1365 |   4 |  682.8 |
               +--------+--------+--------+--------+--------+-----+--------+

Top non-repeatable levels by time:
     D:2: 1184 daAuts
     D:1: 643 daAuts
     D:3: 629 daAuts
     D:4: 273 daAuts
